Sewer Rats vs Tamiflu
Created - 30 mars 2016 at 23:33
Goals
|
| Sewer Rats |
2 |
2 |
0 |
4 |
| Tamiflu |
0 |
3 |
0 |
3 |
|
Shots
|
| Sewer Rats |
16 |
19 |
7 |
42 |
| Tamiflu |
17 |
14 |
7 |
38 |
|
1st period
1. Sewer Rats , Peter Mueller 42 (Kyle Turris) at 6:34
2. Sewer Rats , Mark Mancari 35 (Matt Lashoff) at 8:14
Penalties :
Jonathan Sigalet (Det) for Slashing (Minor) at 1:53, Jarred Tinordi (Tol) for Hooking (Minor) at 13:20, Kyle Turris (Tol) for Hooking (Minor) at 19:16
2nd period
3. Tamiflu , Johan Fransson 3 (Greg Mauldin) at 0:10 (PP)
4. Tamiflu , Zach Trotman 1 (Colin Greening, Mattias Tedenby) at 4:02
5. Sewer Rats , Derek Dorsett 10 (Kyle Quincey) at 4:32
6. Sewer Rats , Derek Dorsett 11 (John-Michael Liles) at 14:15
7. Tamiflu , Casey Wellman 15 (Jonathan Sigalet, Mike Duco) at 17:02
Penalties :
Vojtech Polak (Tol) for Roughing (Minor) at 1:50, Jerome Gauthier-Leduc (Det) for Holding (Minor) at 18:28
3rd period
No Goal
Penalties :
Matt Lashoff (Tol) for Hooking (Minor) at 5:26, Jonathan Sigalet (Det) for Tripping (Minor) at 13:56
Goalie Stats
Martin Biron (Tol), 35 saves from 38 shots - (0,921), W, 3-1-0, 60:00 minutes
Mike McKenna (Det), 38 saves from 42 shots - (0,905), L, 23-22-6, 58:55 minutes
Players Stats for Sewer Rats
Player Name G A P +/- PIM S H SB GA TA FO MP PP MP PK MP
------------------------------------------------------------------------------------
Derek Dorsett 2 0 2 3 0 2 0 0 0 1 0/0 4:55 0:16 0:00
Jared Boll 0 0 0 -1 0 2 1 1 1 0 0/0 14:42 0:25 0:00
Jarred Tinordi 0 0 0 0 2 0 0 0 0 0 0/0 3:10 0:00 0:49
John Lammers 0 0 0 1 0 2 1 0 0 1 0/0 17:56 2:51 0:49
John-Michael Liles 0 1 1 1 0 6 1 1 1 0 0/0 28:25 3:32 4:38
Jonathan Marchessault 0 0 0 2 0 0 0 0 0 0 0/0 3:44 0:00 0:00
Jonathan Paiement 0 0 0 1 0 0 0 0 0 3 0/0 10:54 0:00 0:39
Kyle Quincey 0 1 1 0 0 0 1 3 2 0 0/0 20:41 2:25 1:34
Kyle Turris 0 1 1 0 2 6 1 0 0 0 9/23 17:09 3:01 0:23
Lars Eller 0 0 0 -1 0 2 1 1 0 0 2/4 14:50 0:00 0:48
Mark Mancari 1 0 1 1 0 7 0 1 0 2 2/3 18:39 2:54 2:05
Matt Lashoff 0 1 1 1 2 4 2 1 0 1 0/0 25:02 3:32 3:18
Mattias Ekholm 0 0 0 1 0 0 1 2 0 0 0/0 11:14 0:00 1:10
Nick Palmieri 0 0 0 2 0 3 4 0 0 0 7/11 24:42 2:47 4:06
Patrick Bordeleau 0 0 0 -1 0 1 1 0 1 0 0/0 13:30 0:00 0:00
Peter Mueller 1 0 1 0 0 4 3 0 2 0 7/21 22:44 2:50 4:09
Steven Kampfer 0 0 0 0 0 1 1 0 0 1 0/0 20:41 2:25 1:34
Vojtech Polak 0 0 0 0 2 2 3 0 0 1 1/2 20:07 2:47 1:22
Players Stats for Tamiflu
Player Name G A P +/- PIM S H SB GA TA FO MP PP MP PK MP
------------------------------------------------------------------------------------
Ben Hanowski 0 0 0 0 0 2 0 0 0 0 0/0 9:51 0:00 0:00
Casey Wellman 1 0 1 -1 0 2 0 0 0 0 7/11 14:36 2:56 0:00
Colin Greening 0 1 1 0 0 0 1 1 0 0 2/6 9:06 0:00 0:00
Garrett Wilson 0 0 0 0 0 1 0 0 0 1 0/0 11:32 0:00 1:17
Greg Mauldin 0 1 1 -1 0 4 1 1 1 0 21/35 22:49 3:55 3:02
Greg McKegg 0 0 0 0 0 0 1 0 0 0 2/3 9:06 0:00 0:00
Jan Mursak 0 0 0 -1 0 2 1 1 0 0 0/1 19:46 3:55 0:00
Jerome Gauthier-Leduc 0 0 0 0 2 0 0 1 0 0 0/0 6:02 0:19 0:00
Johan Fransson 1 0 1 -1 0 2 4 1 1 1 0/0 23:20 4:04 3:11
Jonathan Sigalet 0 1 1 -1 4 3 3 1 1 0 0/0 21:54 3:49 1:18
Justin Braun 0 0 0 -1 0 1 0 1 0 0 0/0 11:34 2:23 1:00
Konrad Abeltshauser 0 0 0 0 0 0 0 0 0 0 0/0 7:03 0:00 0:00
Kyle Lawson 0 0 0 -1 0 0 3 0 0 2 0/0 19:42 3:02 2:46
Mattias Tedenby 0 1 1 0 0 1 1 0 3 0 0/0 10:38 0:00 1:38
Mike Duco 0 1 1 -1 0 8 0 1 2 2 1/4 16:09 2:56 1:38
Nino Niederreiter 0 0 0 0 0 0 0 0 0 0 0/0 0:54 0:00 0:00
Petr Pohl 0 0 0 -1 0 6 1 0 1 0 2/2 22:49 3:55 3:02
Rich Clune 0 0 0 0 0 1 1 0 0 1 0/0 11:21 0:00 1:17
Stefan Elliott 0 0 0 0 0 0 1 0 0 0 0/0 8:31 0:05 0:00
Teemu Laakso 0 0 0 0 0 0 0 0 0 0 0/0 10:16 0:00 0:48
Tye McGinn 0 0 0 -1 0 3 1 0 1 0 1/2 14:36 2:56 0:00
Zach Trotman 1 0 1 0 0 2 1 4 0 0 0/0 12:25 0:00 2:51
3 Stars
1 - Derek Dorsett (Tol)
2 - Peter Mueller (Tol)
3 - Zach Trotman (Det)
Power Play
Sewer Rats - 0 on 3 Attempt(s) - 0,00%
Tamiflu - 1 on 4 Attempt(s) - 25,00%
Penalty Kill
Sewer Rats - 3 on 4 Attempt(s) - 75,00%
- Score 0 goal in Penalty Kill
Tamiflu - 3 on 3 Attempt(s) - 100,00%
- Score 0 goal in Penalty Kill
Team Stat
Sewer Rats - Hits : 21 - Faceoff Wins : 28 - Blocked Shots : 10 - Penalty Minutes : 8
Tamiflu - Hits : 20 - Faceoff Wins : 36 - Blocked Shots : 12 - Penalty Minutes : 6
Official
Referees : Kowal Tom and Joannette Marc
Linesman : Andy McElman and Vaughan Rody
Game Notes
Justin Braun is injured at 18:09 of 2nd period (Torn Right ACL)
Finance
Level 1 -- Attendance: 1501 (75,05%) -- Ticket Income 45 030 $
Level 2 -- Attendance: 783 (78,30%) -- Ticket Income 9 396 $
Total Attendance: 2284 (76,13%)
Total Ticket Income: 54 426 $
Other Income: 2 721 $
Total Income: 57 147 $
Sewer Rats
5 vs 5 Forward
Center Left Wing Right Wing Time % Phy DF OF
1 Peter Mueller Vojtech Polak Nick Palmieri 40 1 2 2
2 Kyle Turris John Lammers Mark Mancari 30 1 2 2
3 Lars Eller Patrick Bordeleau Jared Boll 20 1 2 2
4 Jonathan Marchessault Nick Palmieri Derek Dorsett 10 1 2 2
5 vs 5 Defense
Defense Defense Time % Phy DF OF
1 John-Michael Liles Matt Lashoff 40 1 2 2
2 Kyle Quincey Steven Kampfer 30 1 2 2
3 Jonathan Paiement Mattias Ekholm 20 1 2 2
4 Jarred Tinordi John-Michael Liles 10 1 2 2
PowerPlay Forward
Center Left Wing Right Wing Time % Phy DF OF
1 Peter Mueller Vojtech Polak Nick Palmieri 60 1 2 2
2 Kyle Turris John Lammers Mark Mancari 40 1 2 2
PowerPlay Defense
Defense Defense Time % Phy DF OF
1 John-Michael Liles Matt Lashoff 60 1 2 2
2 Kyle Quincey Steven Kampfer 40 1 2 2
Penalty Kill 4 Players Forward
Center Wing Time % Phy DF OF
1 Nick Palmieri Peter Mueller 60 1 2 2
2 Mark Mancari Vojtech Polak 40 1 2 2
Penalty Kill 4 Players Defense
Defense Defense Time % Phy DF OF
1 John-Michael Liles Matt Lashoff 60 1 2 2
2 Kyle Quincey Steven Kampfer 40 1 2 2
Penalty Kill - 3 Players Forward
Forward Time % Phy DF OF
1 Nick Palmieri 60 1 2 2
2 Peter Mueller 40 1 2 2
Penalty Kill - 3 Players Defense
Defense Defense Time % Phy DF OF
1 John-Michael Liles Matt Lashoff 60 1 2 2
2 Kyle Quincey Steven Kampfer 40 1 2 2
4 vs 4 Forward
Center Wing Time % Phy DF OF
1 Nick Palmieri Peter Mueller 60 1 2 2
2 Mark Mancari Vojtech Polak 40 1 2 2
4 vs 4 Defense
Defense Defense Time % Phy DF OF
1 John-Michael Liles Matt Lashoff 60 1 2 2
2 Kyle Quincey Steven Kampfer 40 1 2 2
Last Minutes Offensive
Center Left Wing Right Wing Defense Defense
Peter Mueller Vojtech Polak Nick Palmieri John-Michael Liles Matt Lashoff
Last Minutes Defensive
Center Left Wing Right Wing Defense Defense
Peter Mueller Vojtech Polak Nick Palmieri John-Michael Liles Matt Lashoff
Goaltenders
Starting : Martin Biron
Backup : Richard Bachman
Extra Forwards
Normal : Jared Boll, Derek Dorsett, Lars Eller - PP : Jared Boll, Derek Dorsett - PK : Lars Eller
Extra Defensemen
Normal : Jonathan Paiement, Mattias Ekholm, Jarred Tinordi - PP : Jonathan Paiement - PK : Mattias Ekholm, Jarred Tinordi
Penalty Shots
Nick Palmieri, Peter Mueller, Mark Mancari, Vojtech Polak, Jared Boll
Tamiflu
5 vs 5 Forward
Center Left Wing Right Wing Time % Phy DF OF
1 Greg Mauldin Jan Mursak Petr Pohl 40 1 2 2
2 Casey Wellman Tye McGinn Mike Duco 30 1 2 2
3 Colin Greening Rich Clune Mattias Tedenby 20 1 2 2
4 Greg McKegg Garrett Wilson Ben Hanowski 10 1 2 2
5 vs 5 Defense
Defense Defense Time % Phy DF OF
1 Jonathan Sigalet Johan Fransson 40 1 2 2
2 Kyle Lawson Justin Braun 30 1 2 2
3 Zach Trotman Teemu Laakso 20 1 2 2
4 Stefan Elliott Konrad Abeltshauser 10 1 2 2
PowerPlay Forward
Center Left Wing Right Wing Time % Phy DF OF
1 Greg Mauldin Jan Mursak Petr Pohl 60 1 2 2
2 Casey Wellman Tye McGinn Mike Duco 40 1 2 2
PowerPlay Defense
Defense Defense Time % Phy DF OF
1 Jonathan Sigalet Johan Fransson 60 1 2 2
2 Kyle Lawson Justin Braun 40 1 2 2
Penalty Kill 4 Players Forward
Center Wing Time % Phy DF OF
1 Greg Mauldin Petr Pohl 60 1 2 2
2 Mike Duco Mattias Tedenby 40 1 2 2
Penalty Kill 4 Players Defense
Defense Defense Time % Phy DF OF
1 Jonathan Sigalet Johan Fransson 60 1 2 2
2 Kyle Lawson Justin Braun 40 1 2 2
Penalty Kill - 3 Players Forward
Forward Time % Phy DF OF
1 Greg Mauldin 60 1 2 2
2 Petr Pohl 40 1 2 2
Penalty Kill - 3 Players Defense
Defense Defense Time % Phy DF OF
1 Jonathan Sigalet Johan Fransson 60 1 2 2
2 Kyle Lawson Justin Braun 40 1 2 2
4 vs 4 Forward
Center Wing Time % Phy DF OF
1 Greg Mauldin Petr Pohl 60 1 2 2
2 Mike Duco Mattias Tedenby 40 1 2 2
4 vs 4 Defense
Defense Defense Time % Phy DF OF
1 Jonathan Sigalet Johan Fransson 60 1 2 2
2 Kyle Lawson Justin Braun 40 1 2 2
Last Minutes Offensive
Center Left Wing Right Wing Defense Defense
Greg Mauldin Jan Mursak Petr Pohl Jonathan Sigalet Johan Fransson
Last Minutes Defensive
Center Left Wing Right Wing Defense Defense
Greg Mauldin Jan Mursak Petr Pohl Jonathan Sigalet Johan Fransson
Goaltenders
Starting : Mike McKenna
Backup : Thomas Greiss
Extra Forwards
Normal : Nino Niederreiter, Ben Hanowski, Rich Clune - PP : Nino Niederreiter, Ben Hanowski - PK : Rich Clune
Extra Defensemen
Normal : Jerome Gauthier-Leduc, Zach Trotman, Teemu Laakso - PP : Jerome Gauthier-Leduc - PK : Zach Trotman, Teemu Laakso
Penalty Shots
Greg Mauldin, Petr Pohl, Mike Duco, Mattias Tedenby, Ben Hanowski
% Time on Ice - Sewer Rats
Lines # - Real PCT - Wanted PCT - Time Play
Normal Forward
1 - 32% - 40% - 14:38
2 - 32% - 30% - 14:42
3 - 29% - 20% - 13:21
4 - 7% - 10% - 3:24
Normal Defense
1 - 37% - 40% - 17:06
2 - 36% - 30% - 16:42
3 - 22% - 20% - 10:00
4 - 5% - 10% - 2:17
PP Forward
1 - 52% - 60% - 3:06
2 - 48% - 40% - 2:51
PP Defense
1 - 59% - 60% - 3:32
2 - 41% - 40% - 2:25
PK Forward
1 - 70% - 60% - 4:46
2 - 30% - 40% - 2:05
PK Defense
1 - 77% - 60% - 5:17
2 - 23% - 40% - 1:34
PK3 Forward
1 - 0% - 60%
2 - 0% - 40%
PK3 Defense
1 - 0% - 60%
2 - 0% - 40%
44 Forward
1 - 0% - 60%
2 - 0% - 40%
44 Defense
1 - 0% - 60%
2 - 0% - 40%
Last Minute Offensive - 0:00
Last Minute Defensive - 1:07
Total
Forward - 60:00
Defense - 60:00
|
% Time on Ice - Tamiflu
Lines # - Real PCT - Wanted PCT - Time Play
Normal Forward
1 - 34% - 40% - 15:26
2 - 27% - 30% - 12:25
3 - 20% - 20% - 9:00
4 - 20% - 10% - 9:06
Normal Defense
1 - 32% - 40% - 14:50
2 - 33% - 30% - 15:17
3 - 19% - 20% - 8:47
4 - 15% - 10% - 7:03
PP Forward
1 - 57% - 60% - 3:55
2 - 43% - 40% - 2:56
PP Defense
1 - 50% - 60% - 3:25
2 - 50% - 40% - 3:26
PK Forward
1 - 73% - 60% - 4:19
2 - 27% - 40% - 1:38
PK Defense
1 - 57% - 60% - 3:25
2 - 43% - 40% - 2:32
PK3 Forward
1 - 0% - 60%
2 - 0% - 40%
PK3 Defense
1 - 0% - 60%
2 - 0% - 40%
44 Forward
1 - 0% - 60%
2 - 0% - 40%
44 Defense
1 - 0% - 60%
2 - 0% - 40%
Last Minute Offensive - 1:15
Last Minute Defensive - 0:00
Total
Forward - 60:00
Defense - 60:00
|
Play by Play
1st period
0:01 of 1st period - Peter Mueller wins face-off versus Greg Mauldin in neutral zone.
0:06 of 1st period - Snap shot by Nick Palmieri.
0:06 of 1st period - Shot Blocked by Jan Mursak.
0:08 of 1st period - Slapshot by John-Michael Liles.
0:08 of 1st period - Stopped by Mike McKenna without a rebound.
0:09 of 1st period - Greg Mauldin wins face-off versus Peter Mueller in Tamiflu zone.
0:19 of 1st period - Vojtech Polak is hit by Jonathan Sigalet and loses puck.
0:30 of 1st period - Petr Pohl is hit by John-Michael Liles and loses puck.
1:26 of 1st period - Slapshot by Nick Palmieri.
1:26 of 1st period - Stopped by Mike McKenna with a rebound.
1:28 of 1st period - Snap shot by Vojtech Polak.
1:28 of 1st period - Shot Hit the Post.
1:30 of 1st period - Slapshot by John-Michael Liles.
1:30 of 1st period - Deflect By Jonathan Sigalet.
1:30 of 1st period - Stopped by Mike McKenna with a rebound.
1:32 of 1st period - Snap shot by Nick Palmieri.
1:32 of 1st period - Shot Blocked by Greg Mauldin.
1:34 of 1st period - Slapshot by John-Michael Liles.
1:34 of 1st period - Stopped by Mike McKenna with a rebound.
1:36 of 1st period - Snap shot by Nick Palmieri.
1:36 of 1st period - Shot Blocked by Johan Fransson.
1:42 of 1st period - Slapshot by Nick Palmieri.
1:42 of 1st period - Shot Blocked by Jonathan Sigalet.
1:44 of 1st period - Slapshot by Matt Lashoff.
1:44 of 1st period - Stopped by Mike McKenna with a rebound.
1:53 of 1st period - Minor Penalty to Jonathan Sigalet for Slashing.
1:54 of 1st period - Kyle Turris wins face-off versus Mike Duco in Tamiflu zone.
2:03 of 1st period - Off-side.
2:04 of 1st period - Kyle Turris wins face-off versus Mike Duco in neutral zone.
2:52 of 1st period - Snap shot by Mattias Tedenby.
2:52 of 1st period - Shot Misses the Net.
2:54 of 1st period - Slapshot by Zach Trotman.
2:54 of 1st period - Stopped by Martin Biron without a rebound.
2:55 of 1st period - Greg Mauldin wins face-off versus Vojtech Polak in Sewer Rats zone.
3:53 of 1st period - Penalty to Jonathan Sigalet is over, Jonathan Sigalet is back on ice.
5:26 of 1st period - Wrist shot by Rich Clune.
5:26 of 1st period - Stopped by Martin Biron without a rebound.
5:27 of 1st period - Colin Greening wins face-off versus Mark Mancari in Sewer Rats zone.
5:50 of 1st period - Stefan Elliott is hit by Peter Mueller and loses puck.
6:05 of 1st period - Snap shot by Greg Mauldin.
6:05 of 1st period - Stopped by Martin Biron with a rebound.
6:17 of 1st period - John-Michael Liles is hit by Greg McKegg and loses puck.
6:34 of 1st period - Snap shot by Peter Mueller.
6:34 of 1st period - Goal by Peter Mueller - Sewer Rats : 1 - Tamiflu : 0.
6:35 of 1st period - Kyle Turris wins face-off versus Casey Wellman in neutral zone.
6:38 of 1st period - Backhand shot by John Lammers.
6:38 of 1st period - Deflect By Mark Mancari.
6:38 of 1st period - Stopped by Mike McKenna without a rebound.
6:39 of 1st period - Mike Duco wins face-off versus Kyle Turris in Tamiflu zone.
7:08 of 1st period - Snap shot by Nick Palmieri.
7:08 of 1st period - Stopped by Mike McKenna with a rebound.
7:28 of 1st period - Wrist shot by Peter Mueller.
7:28 of 1st period - Stopped by Mike McKenna with a rebound.
7:50 of 1st period - Snap shot by Petr Pohl.
7:50 of 1st period - Stopped by Martin Biron with a rebound.
8:00 of 1st period - Wrist shot by Lars Eller.
8:00 of 1st period - Shot Blocked by Zach Trotman.
8:02 of 1st period - Snap shot by Kyle Quincey.
8:02 of 1st period - Shot Blocked by Zach Trotman.
8:04 of 1st period - Snap shot by Patrick Bordeleau.
8:04 of 1st period - Stopped by Mike McKenna without a rebound.
8:05 of 1st period - Casey Wellman wins face-off versus Kyle Turris in Tamiflu zone.
8:14 of 1st period - Slapshot by Mark Mancari.
8:14 of 1st period - Goal by Mark Mancari - Sewer Rats : 2 - Tamiflu : 0.
8:15 of 1st period - Casey Wellman wins face-off versus Kyle Turris in neutral zone.
8:41 of 1st period - Matt Lashoff is hit by Colin Greening.
8:44 of 1st period - Off-side.
8:45 of 1st period - Nick Palmieri wins face-off versus Colin Greening in neutral zone.
8:48 of 1st period - Rich Clune is hit by Vojtech Polak and loses puck.
9:17 of 1st period - Johan Fransson is hit by Mattias Ekholm and loses puck.
9:30 of 1st period - Snap shot by Peter Mueller.
9:30 of 1st period - Stopped by Mike McKenna without a rebound.
9:31 of 1st period - Casey Wellman wins face-off versus Kyle Turris in Tamiflu zone.
9:44 of 1st period - Snap shot by Kyle Turris.
9:44 of 1st period - Stopped by Mike McKenna without a rebound.
9:45 of 1st period - Greg Mauldin wins face-off versus Kyle Turris in Tamiflu zone.
9:47 of 1st period - Icing by Petr Pohl.
9:48 of 1st period - Mark Mancari wins face-off versus Greg Mauldin in Tamiflu zone.
9:59 of 1st period - Slapshot by Mark Mancari.
9:59 of 1st period - Deflect By John Lammers.
9:59 of 1st period - Stopped by Mike McKenna with a rebound.
10:01 of 1st period - Slapshot by Matt Lashoff.
10:01 of 1st period - Deflect By Kyle Lawson.
10:01 of 1st period - Stopped by Mike McKenna with a rebound.
10:41 of 1st period - Wrist shot by Jonathan Sigalet.
10:41 of 1st period - Shot Misses the Net.
11:35 of 1st period - Snap shot by Mike Duco.
11:35 of 1st period - Deflect By Steven Kampfer.
11:35 of 1st period - Shot Misses the Net.
11:35 of 1st period - Puck is out of play.
11:36 of 1st period - Lars Eller wins face-off versus Mike Duco in Sewer Rats zone.
12:01 of 1st period - Patrick Bordeleau is hit by Mattias Tedenby and loses puck.
12:32 of 1st period - Stefan Elliott is hit by Jared Boll and loses puck.
12:43 of 1st period - Snap shot by Mattias Tedenby.
12:43 of 1st period - Shot Misses the Net.
12:45 of 1st period - Slapshot by Stefan Elliott.
12:45 of 1st period - Shot Blocked by Jared Boll.
12:53 of 1st period - Snap shot by Mattias Tedenby.
12:53 of 1st period - Shot Misses the Net.
12:59 of 1st period - Slapshot by Mattias Tedenby.
12:59 of 1st period - Stopped by Martin Biron without a rebound.
13:00 of 1st period - Greg Mauldin wins face-off versus Kyle Turris in Sewer Rats zone.
13:03 of 1st period - Snap shot by Petr Pohl.
13:03 of 1st period - Stopped by Martin Biron without a rebound.
13:04 of 1st period - Greg Mauldin wins face-off versus Kyle Turris in Sewer Rats zone.
13:15 of 1st period - Slapshot by Petr Pohl.
13:15 of 1st period - Stopped by Martin Biron without a rebound.
13:16 of 1st period - Greg Mauldin wins face-off versus Kyle Turris in Sewer Rats zone.
13:20 of 1st period - Minor Penalty to Jarred Tinordi for Hooking.
13:21 of 1st period - Nick Palmieri wins face-off versus Greg Mauldin in Sewer Rats zone.
13:51 of 1st period - Slapshot by Justin Braun.
13:51 of 1st period - Stopped by Martin Biron without a rebound.
13:52 of 1st period - Casey Wellman wins face-off versus Nick Palmieri in Sewer Rats zone.
13:55 of 1st period - Snap shot by Mike Duco.
13:55 of 1st period - Stopped by Martin Biron with a rebound.
13:59 of 1st period - Snap shot by Mike Duco.
13:59 of 1st period - Stopped by Martin Biron with a rebound.
14:01 of 1st period - Snap shot by Justin Braun.
14:01 of 1st period - Deflect By Tye McGinn.
14:01 of 1st period - Shot Blocked by Kyle Quincey.
14:01 of 1st period - Puck is out of play.
14:02 of 1st period - Nick Palmieri wins face-off versus Greg Mauldin in Sewer Rats zone.
14:11 of 1st period - Nick Palmieri is hit by Greg Mauldin and loses puck.
14:36 of 1st period - Slapshot by Jonathan Sigalet.
14:36 of 1st period - Deflect By Mike Duco.
14:36 of 1st period - Stopped by Martin Biron with a rebound.
14:38 of 1st period - Slapshot by Jonathan Sigalet.
14:38 of 1st period - Shot Blocked by Mark Mancari.
15:20 of 1st period - Penalty to Jarred Tinordi is over, Jarred Tinordi is back on ice.
15:49 of 1st period - Snap shot by Jonathan Sigalet.
15:49 of 1st period - Stopped by Martin Biron without a rebound.
15:50 of 1st period - Kyle Turris wins face-off versus Colin Greening in Sewer Rats zone.
16:38 of 1st period - Snap shot by Mike Duco.
16:38 of 1st period - Stopped by Martin Biron with a rebound.
16:40 of 1st period - Snap shot by Mike Duco.
16:40 of 1st period - Stopped by Martin Biron with a rebound.
16:42 of 1st period - Snap shot by Mike Duco.
16:42 of 1st period - Stopped by Martin Biron without a rebound.
16:43 of 1st period - Greg Mauldin wins face-off versus Kyle Turris in Sewer Rats zone.
16:56 of 1st period - Snap shot by Mark Mancari.
16:56 of 1st period - Stopped by Mike McKenna with a rebound.
17:08 of 1st period - Peter Mueller is hit by Stefan Elliott and loses puck.
17:31 of 1st period - Snap shot by Garrett Wilson.
17:31 of 1st period - Stopped by Martin Biron with a rebound.
17:33 of 1st period - Slapshot by Ben Hanowski.
17:33 of 1st period - Stopped by Martin Biron without a rebound.
17:34 of 1st period - Greg McKegg wins face-off versus Peter Mueller in Sewer Rats zone.
17:59 of 1st period - Johan Fransson is hit by Kyle Quincey.
18:23 of 1st period - Lars Eller is hit by Kyle Lawson and loses puck.
19:16 of 1st period - Minor Penalty to Kyle Turris for Hooking.
19:17 of 1st period - Nick Palmieri wins face-off versus Greg Mauldin in Sewer Rats zone.
Goals for this period are 2 for Sewer Rats vs 0 for Tamiflu.
Shots for this period are 16 for Sewer Rats vs 17 for Tamiflu.
2nd period
0:01 of 2nd period - Greg Mauldin wins face-off versus Nick Palmieri in neutral zone.
0:08 of 2nd period - Slapshot by Johan Fransson.
0:08 of 2nd period - Shot Misses the Net.
0:10 of 2nd period - Wrist shot by Johan Fransson.
0:10 of 2nd period - Deflect By John-Michael Liles.
0:10 of 2nd period - Goal by Johan Fransson - Sewer Rats : 2 - Tamiflu : 1.
0:11 of 2nd period - Peter Mueller wins face-off versus Greg Mauldin in neutral zone.
0:41 of 2nd period - Wrist shot by Kyle Turris.
0:41 of 2nd period - Stopped by Mike McKenna with a rebound.
0:43 of 2nd period - Snap shot by Matt Lashoff.
0:43 of 2nd period - Stopped by Mike McKenna with a rebound.
0:45 of 2nd period - Snap shot by John-Michael Liles.
0:45 of 2nd period - Stopped by Mike McKenna with a rebound.
0:47 of 2nd period - Slapshot by Kyle Turris.
0:47 of 2nd period - Shot Blocked by Mike Duco.
1:34 of 2nd period - Off-side.
1:35 of 2nd period - Greg Mauldin wins face-off versus Peter Mueller in neutral zone.
1:50 of 2nd period - Wrist shot by Vojtech Polak.
1:50 of 2nd period - Stopped by Mike McKenna without a rebound.
1:50 of 2nd period - Minor Penalty to Vojtech Polak for Roughing.
1:51 of 2nd period - Petr Pohl wins face-off versus Nick Palmieri in Sewer Rats zone.
2:16 of 2nd period - Slapshot by Casey Wellman.
2:16 of 2nd period - Shot Misses the Net.
2:24 of 2nd period - Slapshot by Tye McGinn.
2:24 of 2nd period - Stopped by Martin Biron without a rebound.
2:25 of 2nd period - Greg Mauldin wins face-off versus Nick Palmieri in Sewer Rats zone.
3:01 of 2nd period - Wrist shot by Tye McGinn.
3:01 of 2nd period - Shot Blocked by Kyle Quincey.
3:50 of 2nd period - Penalty to Vojtech Polak is over, Vojtech Polak is back on ice.
3:53 of 2nd period - Matt Lashoff is hit by Rich Clune and loses puck.
4:00 of 2nd period - Slapshot by Colin Greening.
4:00 of 2nd period - Shot Misses the Net.
4:02 of 2nd period - Slapshot by Zach Trotman.
4:02 of 2nd period - Goal by Zach Trotman - Sewer Rats : 2 - Tamiflu : 2.
4:03 of 2nd period - Casey Wellman wins face-off versus Kyle Turris in neutral zone.
4:28 of 2nd period - Jonathan Sigalet is hit by Nick Palmieri.
4:32 of 2nd period - Snap shot by Derek Dorsett.
4:32 of 2nd period - Goal by Derek Dorsett - Sewer Rats : 3 - Tamiflu : 2.
4:33 of 2nd period - Petr Pohl wins face-off versus Peter Mueller in neutral zone.
4:48 of 2nd period - Kyle Lawson is hit by Nick Palmieri and loses puck.
5:40 of 2nd period - Jonathan Paiement is hit by Jonathan Sigalet and loses puck.
5:59 of 2nd period - Zach Trotman is hit by Peter Mueller and loses puck.
7:36 of 2nd period - Patrick Bordeleau is hit by Johan Fransson and loses puck.
7:41 of 2nd period - Backhand shot by Casey Wellman.
7:41 of 2nd period - Stopped by Martin Biron with a rebound.
7:43 of 2nd period - Slapshot by Kyle Lawson.
7:43 of 2nd period - Shot Misses the Net.
8:18 of 2nd period - Snap shot by John Lammers.
8:18 of 2nd period - Shot Blocked by Zach Trotman.
8:47 of 2nd period - Vojtech Polak is hit by Zach Trotman and loses puck.
9:08 of 2nd period - Slapshot by Jonathan Sigalet.
9:08 of 2nd period - Deflect By Vojtech Polak.
9:08 of 2nd period - Stopped by Martin Biron without a rebound.
9:09 of 2nd period - Greg McKegg wins face-off versus Kyle Turris in Sewer Rats zone.
9:34 of 2nd period - Ben Hanowski is hit by Patrick Bordeleau.
9:40 of 2nd period - Snap shot by Jonathan Sigalet.
9:40 of 2nd period - Shot Blocked by Lars Eller.
9:54 of 2nd period - John-Michael Liles is hit by Kyle Lawson and loses puck.
9:59 of 2nd period - Wrist shot by Greg Mauldin.
9:59 of 2nd period - Shot Misses the Net.
10:19 of 2nd period - Snap shot by Kyle Turris.
10:19 of 2nd period - Stopped by Mike McKenna with a rebound.
11:05 of 2nd period - Slapshot by Johan Fransson.
11:05 of 2nd period - Stopped by Martin Biron without a rebound.
11:06 of 2nd period - Tye McGinn wins face-off versus Kyle Turris in Sewer Rats zone.
11:11 of 2nd period - Mike Duco is hit by Matt Lashoff and loses puck.
11:20 of 2nd period - Slapshot by Tye McGinn.
11:20 of 2nd period - Stopped by Martin Biron without a rebound.
11:21 of 2nd period - Greg Mauldin wins face-off versus Peter Mueller in Sewer Rats zone.
11:51 of 2nd period - Snap shot by Mattias Tedenby.
11:51 of 2nd period - Shot Misses the Net.
12:52 of 2nd period - Slapshot by Steven Kampfer.
12:52 of 2nd period - Deflect By Zach Trotman.
12:52 of 2nd period - Stopped by Mike McKenna without a rebound.
12:53 of 2nd period - Lars Eller wins face-off versus Greg Mauldin in Tamiflu zone.
13:00 of 2nd period - Snap shot by Lars Eller.
13:00 of 2nd period - Stopped by Mike McKenna with a rebound.
13:18 of 2nd period - Tye McGinn is hit by Matt Lashoff and loses puck.
13:27 of 2nd period - Wrist shot by Mark Mancari.
13:27 of 2nd period - Stopped by Mike McKenna with a rebound.
13:29 of 2nd period - Snap shot by Kyle Turris.
13:29 of 2nd period - Stopped by Mike McKenna without a rebound.
13:30 of 2nd period - Greg Mauldin wins face-off versus Kyle Turris in Tamiflu zone.
14:15 of 2nd period - Snap shot by Derek Dorsett.
14:15 of 2nd period - Goal by Derek Dorsett - Sewer Rats : 4 - Tamiflu : 2.
14:16 of 2nd period - Greg Mauldin wins face-off versus Peter Mueller in neutral zone.
14:42 of 2nd period - Peter Mueller is hit by Johan Fransson and loses puck.
15:11 of 2nd period - Garrett Wilson is hit by Vojtech Polak and loses puck.
15:39 of 2nd period - Off-side.
15:40 of 2nd period - Kyle Turris wins face-off versus Greg Mauldin in neutral zone.
15:45 of 2nd period - Jan Mursak is hit by John Lammers and loses puck.
15:50 of 2nd period - Wrist shot by Kyle Turris.
15:50 of 2nd period - Shot Misses the Net.
15:52 of 2nd period - Wrist shot by John Lammers.
15:52 of 2nd period - Stopped by Mike McKenna with a rebound.
15:54 of 2nd period - Slapshot by John-Michael Liles.
15:54 of 2nd period - Stopped by Mike McKenna with a rebound.
15:58 of 2nd period - Backhand shot by Kyle Turris.
15:58 of 2nd period - Shot Misses the Net.
16:00 of 2nd period - Wrist shot by Matt Lashoff.
16:00 of 2nd period - Stopped by Mike McKenna with a rebound.
16:26 of 2nd period - Snap shot by Greg Mauldin.
16:26 of 2nd period - Stopped by Martin Biron with a rebound.
16:28 of 2nd period - Wrist shot by Greg Mauldin.
16:28 of 2nd period - Stopped by Martin Biron with a rebound.
16:42 of 2nd period - Backhand shot by Petr Pohl.
16:42 of 2nd period - Stopped by Martin Biron with a rebound.
16:44 of 2nd period - Wrist shot by Teemu Laakso.
16:44 of 2nd period - Shot Misses the Net.
16:48 of 2nd period - Wrist shot by Greg Mauldin.
16:48 of 2nd period - Shot Blocked by Mattias Ekholm.
16:50 of 2nd period - Snap shot by Greg Mauldin.
16:50 of 2nd period - Shot Blocked by Mattias Ekholm.
16:52 of 2nd period - Wrist shot by Greg Mauldin.
16:52 of 2nd period - Shot Misses the Net.
16:54 of 2nd period - Slapshot by Petr Pohl.
16:54 of 2nd period - Deflect By Kyle Turris.
16:54 of 2nd period - Shot Misses the Net.
16:54 of 2nd period - Puck is out of play.
16:55 of 2nd period - Casey Wellman wins face-off versus Lars Eller in Sewer Rats zone.
16:58 of 2nd period - Snap shot by Mike Duco.
16:58 of 2nd period - Stopped by Martin Biron with a rebound.
17:00 of 2nd period - Wrist shot by Casey Wellman.
17:00 of 2nd period - Shot Misses the Net.
17:02 of 2nd period - Slapshot by Jonathan Sigalet.
17:02 of 2nd period - Deflect By Casey Wellman.
17:02 of 2nd period - Goal by Casey Wellman - Sewer Rats : 4 - Tamiflu : 3.
17:03 of 2nd period - Casey Wellman wins face-off versus Peter Mueller in neutral zone.
17:06 of 2nd period - John-Michael Liles is hit by Johan Fransson.
17:10 of 2nd period - Jonathan Sigalet is hit by Nick Palmieri and loses puck.
17:17 of 2nd period - Snap shot by Nick Palmieri.
17:17 of 2nd period - Stopped by Mike McKenna without a rebound.
17:18 of 2nd period - Colin Greening wins face-off versus Peter Mueller in Tamiflu zone.
17:40 of 2nd period - Icing by Johan Fransson.
17:41 of 2nd period - Kyle Turris wins face-off versus Colin Greening in Tamiflu zone.
17:42 of 2nd period - Snap shot by Mark Mancari.
17:42 of 2nd period - Shot Misses the Net.
17:44 of 2nd period - Slapshot by Steven Kampfer.
17:44 of 2nd period - Shot Misses the Net.
17:46 of 2nd period - Snap shot by Mark Mancari.
17:46 of 2nd period - Shot Blocked by Colin Greening.
17:48 of 2nd period - Slapshot by Mark Mancari.
17:48 of 2nd period - Stopped by Mike McKenna with a rebound.
17:50 of 2nd period - Snap shot by Kyle Turris.
17:50 of 2nd period - Stopped by Mike McKenna without a rebound.
17:51 of 2nd period - Kyle Turris wins face-off versus Greg Mauldin in Tamiflu zone.
17:52 of 2nd period - Snap shot by Mark Mancari.
17:52 of 2nd period - Stopped by Mike McKenna without a rebound.
17:53 of 2nd period - Greg Mauldin wins face-off versus Peter Mueller in Tamiflu zone.
17:53 of 2nd period - Greg Mauldin is hit by Nick Palmieri.
18:09 of 2nd period - Slapshot by John-Michael Liles.
18:09 of 2nd period - Shot Blocked by Justin Braun.
18:09 of 2nd period - Justin Braun from Tamiflu is injured at 18:09 of 2nd period (Torn Right ACL).
18:10 of 2nd period - Greg Mauldin wins face-off versus Peter Mueller in Tamiflu zone.
18:23 of 2nd period - Backhand shot by Jan Mursak.
18:23 of 2nd period - Stopped by Martin Biron without a rebound.
18:24 of 2nd period - Nick Palmieri wins face-off versus Tye McGinn in Sewer Rats zone.
18:28 of 2nd period - Minor Penalty to Jerome Gauthier-Leduc for Holding.
18:29 of 2nd period - Greg Mauldin wins face-off versus Peter Mueller in Tamiflu zone.
18:37 of 2nd period - Jonathan Sigalet is hit by Vojtech Polak and loses puck.
18:57 of 2nd period - Slapshot by John-Michael Liles.
18:57 of 2nd period - Stopped by Mike McKenna without a rebound.
18:58 of 2nd period - Kyle Turris wins face-off versus Greg Mauldin in Tamiflu zone.
19:59 of 2nd period - Slapshot by Jonathan Sigalet.
19:59 of 2nd period - Stopped by Martin Biron without a rebound.
Goals for this period are 2 for Sewer Rats vs 3 for Tamiflu.
Shots for this period are 19 for Sewer Rats vs 14 for Tamiflu.
3rd period
0:01 of 3rd period - Greg Mauldin wins face-off versus Peter Mueller in neutral zone.
0:28 of 3rd period - Penalty to Jerome Gauthier-Leduc is over, Jerome Gauthier-Leduc is back on ice.
0:42 of 3rd period - Snap shot by Mike Duco.
0:42 of 3rd period - Shot Misses the Net.
1:24 of 3rd period - Wrist shot by Mark Mancari.
1:24 of 3rd period - Shot Hit the Post.
1:26 of 3rd period - Slapshot by Matt Lashoff.
1:26 of 3rd period - Deflect By Mark Mancari.
1:26 of 3rd period - Shot Blocked by Zach Trotman.
1:26 of 3rd period - Puck is out of play.
1:27 of 3rd period - Vojtech Polak wins face-off versus Greg Mauldin in Tamiflu zone.
1:40 of 3rd period - Backhand shot by Petr Pohl.
1:40 of 3rd period - Deflect By Greg Mauldin.
1:40 of 3rd period - Shot Blocked by Kyle Quincey.
1:40 of 3rd period - Puck is out of play.
1:41 of 3rd period - Peter Mueller wins face-off versus Casey Wellman in Sewer Rats zone.
1:48 of 3rd period - Snap shot by Peter Mueller.
1:48 of 3rd period - Shot Misses the Net.
1:54 of 3rd period - Snap shot by Jonathan Sigalet.
1:54 of 3rd period - Shot Misses the Net.
1:56 of 3rd period - Snap shot by Tye McGinn.
1:56 of 3rd period - Shot Misses the Net.
2:06 of 3rd period - Kyle Quincey is hit by Petr Pohl.
2:16 of 3rd period - Kyle Lawson is hit by Steven Kampfer and loses puck.
4:29 of 3rd period - Wrist shot by Jared Boll.
4:29 of 3rd period - Shot Misses the Net.
4:31 of 3rd period - Slapshot by Kyle Quincey.
4:31 of 3rd period - Shot Misses the Net.
4:33 of 3rd period - Snap shot by Patrick Bordeleau.
4:33 of 3rd period - Shot Misses the Net.
4:35 of 3rd period - Snap shot by Lars Eller.
4:35 of 3rd period - Stopped by Mike McKenna with a rebound.
4:37 of 3rd period - Snap shot by Lars Eller.
4:37 of 3rd period - Shot Misses the Net.
4:39 of 3rd period - Slapshot by Lars Eller.
4:39 of 3rd period - Shot Misses the Net.
4:49 of 3rd period - Snap shot by Jared Boll.
4:49 of 3rd period - Stopped by Mike McKenna with a rebound.
4:51 of 3rd period - Snap shot by Jared Boll.
4:51 of 3rd period - Stopped by Mike McKenna without a rebound.
4:52 of 3rd period - Greg Mauldin wins face-off versus Peter Mueller in Tamiflu zone.
5:01 of 3rd period - Snap shot by Petr Pohl.
5:01 of 3rd period - Shot Blocked by Matt Lashoff.
5:03 of 3rd period - Slapshot by Jonathan Sigalet.
5:03 of 3rd period - Shot Misses the Net.
5:05 of 3rd period - Wrist shot by Petr Pohl.
5:05 of 3rd period - Deflect By Jan Mursak.
5:05 of 3rd period - Stopped by Martin Biron with a rebound.
5:07 of 3rd period - Snap shot by Greg Mauldin.
5:07 of 3rd period - Deflect By Jan Mursak.
5:07 of 3rd period - Shot Misses the Net.
5:07 of 3rd period - Puck is out of play.
5:08 of 3rd period - Kyle Turris wins face-off versus Casey Wellman in Sewer Rats zone.
5:17 of 3rd period - Slapshot by Mike Duco.
5:17 of 3rd period - Stopped by Martin Biron with a rebound.
5:19 of 3rd period - Snap shot by Jonathan Sigalet.
5:19 of 3rd period - Shot Misses the Net.
5:21 of 3rd period - Snap shot by Johan Fransson.
5:21 of 3rd period - Shot Misses the Net.
5:23 of 3rd period - Slapshot by Mike Duco.
5:23 of 3rd period - Deflect By Casey Wellman.
5:23 of 3rd period - Shot Blocked by John-Michael Liles.
5:23 of 3rd period - Puck is out of play.
5:24 of 3rd period - Peter Mueller wins face-off versus Greg Mauldin in Sewer Rats zone.
5:26 of 3rd period - Minor Penalty to Matt Lashoff for Hooking.
5:27 of 3rd period - Nick Palmieri wins face-off versus Greg Mauldin in Sewer Rats zone.
5:43 of 3rd period - Backhand shot by Petr Pohl.
5:43 of 3rd period - Stopped by Martin Biron without a rebound.
5:44 of 3rd period - Nick Palmieri wins face-off versus Casey Wellman in Sewer Rats zone.
5:53 of 3rd period - John-Michael Liles is hit by Tye McGinn.
7:26 of 3rd period - Penalty to Matt Lashoff is over, Matt Lashoff is back on ice.
7:29 of 3rd period - Icing by Mark Mancari.
7:30 of 3rd period - Mark Mancari wins face-off versus Colin Greening in Sewer Rats zone.
8:34 of 3rd period - Jonathan Sigalet is hit by Peter Mueller and loses puck.
9:14 of 3rd period - Snap shot by Tye McGinn.
9:14 of 3rd period - Stopped by Martin Biron with a rebound.
9:28 of 3rd period - Slapshot by Mark Mancari.
9:28 of 3rd period - Shot Misses the Net.
9:42 of 3rd period - Snap shot by Ben Hanowski.
9:42 of 3rd period - Stopped by Martin Biron without a rebound.
9:43 of 3rd period - Peter Mueller wins face-off versus Greg McKegg in Sewer Rats zone.
11:12 of 3rd period - Garrett Wilson is hit by Kyle Turris and loses puck.
11:27 of 3rd period - Wrist shot by Peter Mueller.
11:27 of 3rd period - Stopped by Mike McKenna with a rebound.
11:35 of 3rd period - Nick Palmieri is hit by Kyle Lawson and loses puck.
11:52 of 3rd period - Wrist shot by Lars Eller.
11:52 of 3rd period - Shot Blocked by Jerome Gauthier-Leduc.
13:26 of 3rd period - Icing by Greg Mauldin.
13:27 of 3rd period - Greg Mauldin wins face-off versus Lars Eller in Tamiflu zone.
13:34 of 3rd period - Snap shot by Petr Pohl.
13:34 of 3rd period - Stopped by Martin Biron without a rebound.
13:35 of 3rd period - Greg Mauldin wins face-off versus Peter Mueller in Sewer Rats zone.
13:43 of 3rd period - Matt Lashoff is hit by Johan Fransson and loses puck.
13:48 of 3rd period - Wrist shot by Vojtech Polak.
13:48 of 3rd period - Stopped by Mike McKenna with a rebound.
13:56 of 3rd period - Minor Penalty to Jonathan Sigalet for Tripping.
13:57 of 3rd period - Peter Mueller wins face-off versus Greg Mauldin in Tamiflu zone.
14:30 of 3rd period - Snap shot by Kyle Turris.
14:30 of 3rd period - Stopped by Mike McKenna without a rebound.
14:31 of 3rd period - Greg Mauldin wins face-off versus Kyle Turris in Tamiflu zone.
15:12 of 3rd period - Wrist shot by Mark Mancari.
15:12 of 3rd period - Stopped by Mike McKenna with a rebound.
15:56 of 3rd period - Penalty to Jonathan Sigalet is over, Jonathan Sigalet is back on ice.
16:12 of 3rd period - Jonathan Sigalet is hit by Lars Eller.
18:55 of 3rd period - Tamiflu, Mike McKenna is pulled from the net.
19:44 of 3rd period - Wrist shot by Greg Mauldin.
19:44 of 3rd period - Stopped by Martin Biron without a rebound.
19:45 of 3rd period - Craig Hartsburg call a timeout for Tamiflu.
19:45 of 3rd period - Peter Mueller wins face-off versus Jan Mursak in Sewer Rats zone.
19:45 of 3rd period - Peter Mueller is hit by Jan Mursak.
19:51 of 3rd period - Peter Mueller is hit by Jonathan Sigalet and loses puck.
Goals for this period are 0 for Sewer Rats vs 0 for Tamiflu.
Shots for this period are 7 for Sewer Rats vs 7 for Tamiflu.
Back to the Top